AoeStats
← Robermad

Arabia

510559346Analyzed
1v1 RM · 9h ago on Oct 1, 2026· 37m 12s· 2 players
Game mode
Random Map
Map size
Tiny (2 player)
Population
200
Speed
Normal
Resources
Standard
Victory
Conquest
Starting age
Dark Age
Ending age
Imperial Age
RankedLock teamsTeams togetherTeam positionsShared explorationLock speedFull tech treeHidden civsTurbo modeCheats
Victory
Defeat
🇪🇸 Turks · Spain
1185
+14
🇹🇷 Bengalis · Türkiye
1142
-14
Robermad
6:33 Loom
9:41 Feudal Age
10:24 Double-Bit Axe
11:59 Horse Collar
17:04 Wheelbarrow
18:16 Forging
20:30 Castle Age
19:40 Scale Barding Armor
19:53 Bloodlines
21:20 Husbandry
23:48 Town Watch
27:39 Chain Barding Armor
32:20 Heavy Plow
35:27 Fletching
36:15 Iron Casting
40:12 Imperial Age
Robert Hatemo
7:12 Loom
11:25 Feudal Age
17:43 Castle Age
17:27 Double-Bit Axe
22:06 Gold Mining
22:18 Horse Collar
23:06 Fletching
26:23 Bodkin Arrow
27:39 Wheelbarrow
28:01 Padded Archer Armor
Connection lost

Rejoining the realm…

Still unreachable

The connection could not be restored.

Session expired

The server has moved on; the page needs a fresh start.